 Dungeon Crawl Stone Soup version 0.26-a0-639-g72c4674329 (webtiles) character file.

Game seed: 8125297241155254238

128 Borgoz the Chopper (level 4, -1/42 HPs)
             Began as a Deep Dwarf Berserker on Sept 17, 2020.
             Was a Believer of Trog.
             Killed from afar by an orc wizard (9 damage)
             ... with a magic dart
             ... on level 3 of the Dungeon.
             The game lasted 00:03:15 (1573 turns).

Borgoz the Chopper (Deep Dwarf Berserker)           Turns: 1573, Time: 00:03:15

Health: -1/42      AC:  8    Str: 21    XL:     4   Next: 86%
Magic:  4/4        EV: 12    Int:  7    God:    Trog [**....]
Gold:   121        SH:  0    Dex: 13    Spells: 3/3 levels left

rFire    . . .     SeeInvis .   a - +0 hand axe
rCold    . . .     Faith    .   (no shield)
rNeg     . . .     Spirit   .   o - +0 ring mail
rPois    .         Reflect  .   e - +0 helmet
rElec    .         Harm     .   i - +0 cloak (curse)
rCorr    .         Rampage  .   (no gloves)
MR       .....                  (no boots)
Stlth    +.........             (no amulet)
HPRegen  0.00/turn              (no ring)
MPRegen  0.09/turn              (no ring)

@: non-regenerating
A: damage resistance, heal wounds, sense surroundings 1, no regeneration
a: Heal Wounds, Berserk, Trog's Hand, Renounce Religion


You were on level 3 of the Dungeon.
You worshipped Trog.
Trog was pleased with you.
You visited 1 branch of the dungeon, and saw 3 of its levels.

You collected 121 gold pieces.

Inventory:

Hand Weapons
 a - a +0 hand axe (weapon)
Armour
 e - a +0 helmet (worn)
 i - a cursed +0 cloak (worn)
 o - a +0 ring mail (worn)
Scrolls
 c - a scroll of amnesia {unknown}
 f - 2 scrolls of remove curse {unknown}
 h - a scroll of blinking {unknown}
 n - a scroll of enchant armour {unknown}
Potions
 g - a potion of cancellation {unknown}
 j - a potion of lignification {unknown}
 k - 2 potions of haste
 l - a potion of heal wounds
 m - a potion of curing


   Skills:
 + Level 3.4 Fighting
 + Level 4.2 Axes
 + Level 3.3 Armour
 + Level 3.3 Dodging


You had 3 spell levels left.
You didn't know any spells.
Your spell library was empty.

Dungeon Overview and Level Annotations

Branches:
Dungeon (3/15)

Altars:


Innate Abilities, Weirdness & Mutations

You are resistant to damage.
You can heal yourself by infusing magical energy.
You passively map a small area around you.
You do not regenerate.


Message History

The puff of frost hits you!
* * * LOW HITPOINT WARNING * * *
The orc wizard hits you but does no damage.
You hit the orc wizard.
The orc wizard is almost dead.
The orc wizard casts a spell.
The orc wizard flickers and vanishes!
Deactivating autopickup; reactivate with Ctrl-A.
You miss something.
You hear some strange, mumbled words.
A magic dart appears from out of thin air!
The magic dart hits you.
* * * LOW HITPOINT WARNING * * *
You miss something. Something hits you but does no damage.
You closely miss something. Something barely misses you.
You hit something but do no damage.
You hear some strange, mumbled words.
A magic dart appears from out of thin air!
The magic dart hits you!
You die...

,, #... *.# #.## #.#
, #.## #.# #.## #.#
#.## #.# #.## #.#
#... ####.#### ####
#.†@....########## #
#.##{##.#........###
#, #......######....
* ####.### ##### *
#.# , ..# *** ####


There were no monsters in sight!

Vanquished Creatures
  An orc priest (D:3)
  3 adders (D:2)
  A worm (D:2)
  2 dart slugs (D:1)
  A leopard gecko (D:1)
  2 orcs (D:3)
  2 giant cockroaches
  10 goblins
  9 hobgoblins
  6 jackals
  4 kobolds (D:1)
  A quokka (D:2)
  5 bats
  3 frilled lizards
  9 rats
59 creatures vanquished.

Notes
Turn   | Place    | Note
-------+----------+-------------------------------------------
     0 | D:1      | Borgoz the Deep Dwarf Berserker began the quest for the
                  | Orb.
     0 | D:1      | Reached XP level 1. HP: 20/20 MP: 1/1
    80 | D:1      | Reached XP level 2. HP: 24/27 MP: 2/2
   207 | D:1      | Reached XP level 3. HP: 18/34 MP: 3/3
   216 | D:1      | Reached ** piety under Trog
   990 | D:2      | Reached XP level 4. HP: 19/42 MP: 4/4
  1088 | D:2      | Reached skill level 4 in Axes
  1573 | D:3      | Killed from afar by an orc wizard

Illustrated notes

Levels and vault maps discovered:
D:1:      psy_arrival_statuary, layout_basic, serial_glass, glass_columns_a,
          glass_columns_a, minmay_heptomino_o4
D:2:      layout_basic
D:3:      layout_loops_cross, chequers_ecumenical_altar_simple, minivault_23

Skill      XL: |  1  2  3  4 |
---------------+-------------+-----
Fighting       | 3 |  3.4
Armour         | 3 |  3.3
Dodging        | 3 |  3.3
Axes           | 4 |  4.2

Action                   |  1- 3 |  4- 6 || total
-------------------------+-------+-------++-------
Melee: Hand axe          |   148 |    65 ||   213
Invok: Trog's Hand       |     2 |     3 ||     5
       Berserk           |     1 |       ||     1
  Use: Scroll            |       |     3 ||     3
Armor: Animal skin       |    34 |     8 ||    42
       Ring mail         |       |    12 ||    12
Dodge: Dodged            |    86 |    44 ||   130

Table legend: (Time is in decaauts)
 A = Elapsed time spent in this place.
 B = Non-inter-level travel time spent in this place.
 C = Inter-level travel time spent in this place.
 D = Time resting spent in this place.
 E = Time spent auto-exploring this place.
 F = Levels seen in this place.
 G = Mean time per level.
                   A        B        C        D        E       F      G
               +--------+--------+--------+--------+--------+-----+--------+
         Total |   1603 |   1552 |     51 |     92 |   1007 |   3 |  534.3 |
       Dungeon |   1603 |   1552 |     51 |     92 |   1007 |   3 |  534.3 |
               +--------+--------+--------+--------+--------+-----+--------+

Top non-repeatable levels by time:
     D:2: 794 daAuts
     D:1: 606 daAuts
     D:3: 202 daAuts
